AoeStats
← 不要忘了我们曾经为何而战

Arabia

510234107Analyzed
1v1 RM · 1d ago on Sep 30, 2026· 42m 20s· 2 players
Game mode
Random Map
Map size
Tiny (2 player)
Population
200
Speed
Normal
Resources
Standard
Victory
Conquest
Starting age
Dark Age
Ending age
Imperial Age
RankedLock teamsTeams togetherTeam positionsShared explorationLock speedFull tech treeHidden civsTurbo modeCheats
Victory
Defeat
🇦🇷 Hindustanis · Argentina
1188
+17
Klopf33
7:23 Loom
10:24 Feudal Age
11:35 Double-Bit Axe
15:15 Wheelbarrow
17:56 Castle Age
16:09 Horse Collar
16:28 Gold Mining
16:57 Bloodlines
18:23 Wheelbarrow
18:17 Scale Barding Armor
20:40 Husbandry
22:16 Padded Archer Armor
22:07 Fletching
22:56 Light Cavalry
24:21 Town Watch
25:16 Elite Skirmisher
26:34 Bow Saw
26:35 Stone Mining
28:11 Hand Cart
29:10 Leather Archer Armor
30:08 Ballistics
32:19 Bodkin Arrow
40:02 Imperial Age
40:51 Forging
40:42 Scale Mail Armor
41:04 Chain Barding Armor
40:49 Heavy Camel Rider
42:58 Gold Shaft Mining
42:58 Stone Shaft Mining
不要忘了我们曾经为何而战
6:21 Loom
9:17 Feudal Age
10:34 Double-Bit Axe
10:36 Horse Collar
21:25 Castle Age
19:17 Gold Mining
19:46 Fletching
20:50 Padded Archer Armor
21:26 Crossbowman
22:17 Thumb Ring
22:40 Bodkin Arrow
23:25 Bow Saw
25:10 Heavy Plow
25:54 Leather Archer Armor
29:32 Wheelbarrow
34:05 Imperial Age
32:53 Hand Cart
32:30 Pikeman
34:02 Gold Shaft Mining
35:25 Redemption
Connection lost

Rejoining the realm…

Still unreachable

The connection could not be restored.

Session expired

The server has moved on; the page needs a fresh start.